 Dungeon Crawl Stone Soup version 0.21.1-1-g345015f (webtiles) character file.

100 suicidejoker the Insei (level 4, -1/29 HPs)
             Began as an Octopode Transmuter on Apr 2, 2018.
             Was a Follower of Cheibriados.
             Killed by divine providence
             ... invoked by an orc priest
              (13 damage)
             ... on level 3 of the Dungeon.
             The game lasted 00:06:52 (1857 turns).

suicidejoker the Insei (Octopode Transmuter)        Turns: 1857, Time: 00:06:53

Health: -1/29      AC:  1    Str: 10 (12) XL:     4   Next: 74%
Magic:  0/7        EV: 14    Int: 16 (17) God:    Cheibriados [*.....]
Gold:   134        SH:  0    Dex: 14      Spells: 6/7 levels left

rFire    . . .     SeeInvis .     - Unarmed
rCold    . . .     Gourm    .   (no shield)
rNeg     . . .     Faith    .   (helmet restricted)
rPois    .         Spirit   +   f - amulet of guardian spirit
rElec    .         Reflect  .   (no ring)
rCorr    .         Harm     .   (no ring)
MR       .....                  (no ring)
Stlth    ++........             (no ring)
HPRegen  0.09/turn              (no ring)
MPRegen  0.10/turn              (no ring)
                                (no ring)
                                (no ring)

@: hasted, quick
A: almost no armour, stealthy swim, amphibious, 8 rings, constrict 8, camouflage
1, gelatinous body 1
a: Bend Time, Renounce Religion


You were on level 3 of the Dungeon.
You worshipped Cheibriados.
Cheibriados was aware of your devotion.
You were not hungry.

You visited 1 branch of the dungeon, and saw 3 of its levels.

You collected 134 gold pieces.

Inventory:

Hand Weapons
 m - a +1 hunting sling
Missiles
 a - 49 arrows
 e - 13 poisoned needles
 h - 37 stones (quivered)
Jewellery
 f - an amulet of guardian spirit (around mantle)
Scrolls
 g - 2 scrolls of identify {unknown}
 k - a scroll of remove curse {unknown}
 l - a scroll of teleportation {unknown}
Books
 b - a book of Changes

   Spells                             Type                      Level
   a - Beastly Appendage              Transmutation                1
   b - Sticks to Snakes               Transmutation                2
   c - Spider Form                    Transmutation/Poison         3
   d - Ice Form                       Ice/Transmutation            4
   e - Blade Hands                    Transmutation                5
Comestibles
 c - 6 rations
 i - 3 chunks of flesh


   Skills:
 + Level 2.2 Fighting
 + Level 2.9 Dodging
 * Level 4.3 Unarmed Combat
 - Level 2.0 Spellcasting
 - Level 2.0 Transmutations


You had 6 spell levels left.
You knew the following spells:

 Your Spells              Type           Power        Failure   Level  Hunger
a - Beastly Appendage     Tmut           #.....       9%          1    #......


Dungeon Overview and Level Annotations

Branches:
Dungeon (3/15)

Altars:
Cheibriados
Gozag
Makhleb


Innate Abilities, Weirdness & Mutations

You cannot wear most types of armour.
You are very stealthy in the water. (Stealth+)
You are amphibious.
You can wear up to eight rings at the same time.
You can use your tentacles to constrict eight enemies at once.
Your skin changes colour to match your surroundings (Stealth+).
Your rubbery body absorbs attacks. (AC +1, EV +1)


Message History

You are too injured to fight recklessly!
You are too injured to fight recklessly!
You are too injured to fight recklessly!
You are too injured to fight recklessly!
You are too injured to fight recklessly!
You are too injured to fight recklessly!
You are too injured to fight recklessly!
You are too injured to fight recklessly!
You are too injured to fight recklessly!
You are too injured to fight recklessly!
You are too injured to fight recklessly!
You are too injured to fight recklessly!
It was a potion of haste.
You feel yourself speed up.
Cheibriados forgives your accidental hurry, just this once.
As you read the scroll labeled HUPPOW OLO, it crumbles to dust.
It is a scroll of enchant weapon.
Your hunting sling glows red for a moment.
The orc priest invokes the aid of Beogh against you.
Beogh smites you!
You die...

#.#.......##.##. #...
#.#.##..#.##.# #...
#.#.##.#.....# #...
#.....###..####. #...
###.##.#........ #.%.
###.##..........
####...##.#.##...)...###
.............#..#.#..###
....ooo@.....#..#....##.
.............#.<........
####...##.####.....####.
....r. ### ##....# ##
###... ##.### # #... #.#
# .... #.# ##### .#...
#.###.... #........


You could see 2 orc priests, an orc and a rat.

Vanquished Creatures
  Terence (D:2)
  2 adders
  An ooze (D:1)
  4 dart slugs
  A worm (D:2)
  An orc (D:3)
  5 bats
  A giant cockroach (D:2)
  7 goblins
  3 hobgoblins
  8 jackals
  A quokka (D:2)
  A frilled lizard (D:2)
  4 kobolds
  4 rats
44 creatures vanquished.

Notes
Turn   | Place    | Note
-------+----------+-------------------------------------------
     0 | D:1      | suicidejoker the Octopode Transmuter began the quest for the Orb.
     0 | D:1      | Reached XP level 1. HP: 13/13 MP: 3/3
    85 | D:1      | Reached XP level 2. HP: 18/18 MP: 5/5
   423 | D:1      | Reached XP level 3. HP: 14/23 MP: 6/6
   631 | D:1      | Found a snail-covered altar of Cheibriados.
  1027 | D:1      | Became a worshipper of Cheibriados the Contemplative
  1164 | D:2      | Found a burning altar of Makhleb.
  1250 | D:2      | Noticed Terence
  1263 | D:2      | Reached skill level 4 in Unarmed Combat
  1263 | D:2      | Reached XP level 4. HP: 20/29 MP: 7/7
  1280 | D:2      | Killed Terence
  1618 | D:2      | Reached * piety under Cheibriados
  1788 | D:3      | Found an opulent altar of Gozag.
  1857 | D:3      | Killed from afar by an orc priest

Skill      XL: |  1  2  3  4 |
---------------+-------------+-----
Unarmed Combat | 4 |  4.3
Fighting       | 2 |  2.2
Dodging        | |  2.9
Spellcasting   | |  2.0
Transmutations | |  2.0

Action                   |  1- 3 |  4- 6 || total
-------------------------+-------+-------++-------
Melee: Unarmed           |    85 |    24 ||   109
       Constrict         |    24 |     5 ||    29
       Tentacles         |    14 |     5 ||    19
       Punch             |     3 |       ||     3
       Kick              |       |     2 ||     2
 Cast: Beastly Appendage |       |     1 ||     1
  Use: Potion            |     1 |     5 ||     6
       Scroll            |       |     1 ||     1
 Stab: Sleeping          |     3 |     2 ||     5
  Eat: Chunk             |     1 |     2 ||     3
Armor: Skin              |    13 |     2 ||    15
Dodge: Dodged            |    65 |    21 ||    86
